AoeStats
← F I S H

Four Lakes

509736892Analyzed
1v1 RM · 6d ago on Sep 27, 2026· 65m 26s· 2 players
Game mode
Random Map
Map size
Tiny (2 player)
Population
200
Speed
Normal
Resources
Standard
Victory
Conquest
Starting age
Dark Age
Ending age
Imperial Age
RankedLock teamsTeams togetherTeam positionsShared explorationLock speedFull tech treeHidden civsTurbo modeCheats
Victory
Defeat
🇪🇨 Lithuanians · Ecuador
1790
+11
🇮🇹 Magyars · Italy
1687
-11
F I S H
6:01 Loom
10:06 Feudal Age
10:38 Double-Bit Axe
15:31 Scale Barding Armor
15:58 Fishing Lines
17:51 Bloodlines
18:32 Fletching
22:26 Castle Age
20:31 Padded Archer Armor
21:03 Gold Mining
23:10 Husbandry
23:31 Chain Barding Armor
23:22 Bow Saw
22:40 Crossbowman
25:30 Bodkin Arrow
42:50 Imperial Age
40:22 Elite Skirmisher
42:27 Ballistics
44:04 Bracer
49:52 Pikeman
51:09 Scale Mail Armor
52:23 Conscription
54:05 Horse Collar
55:03 Heavy Plow
54:51 Halberdier
56:19 Chain Mail Armor
56:42 Light Cavalry
58:01 Plate Barding Armor
62:16 Cavalier
[ECU] Shamash
7:15 Loom
9:30 Feudal Age
10:16 Double-Bit Axe
10:28 Fishing Lines
11:35 Town Watch
14:54 Forging
18:22 Scale Barding Armor
20:33 Bloodlines
20:59 Horse Collar
24:44 Castle Age
24:29 Fletching
25:28 Bodkin Arrow
25:10 Light Cavalry
25:25 Elite Skirmisher
27:41 Iron Casting
28:49 Husbandry
28:38 Pikeman
29:53 Scale Mail Armor
35:28 Chain Mail Armor
36:30 Chain Barding Armor
36:49 Stone Mining
36:49 Gold Mining
37:17 Squires
39:59 Bow Saw
39:50 Heavy Plow
41:25 Wheelbarrow
43:40 Ballistics
47:56 Imperial Age
48:24 Stone Shaft Mining
49:18 Plate Barding Armor
48:23 Cavalier
49:20 Winged Hussar
50:46 Bracer
51:49 Conscription
51:39 Thumb Ring
52:44 Padded Archer Armor
53:45 Chemistry
53:49 Hoardings
54:32 Tower Shields
55:16 Hill Forts
56:29 Hand Cart
57:17 Leather Archer Armor
60:21 Halberdier
62:27 Ring Archer Armor
63:50 Two-Man Saw
63:39 Arson
Connection lost

Rejoining the realm…

Still unreachable

The connection could not be restored.

Session expired

The server has moved on; the page needs a fresh start.